 Dungeon Crawl Stone Soup version 0.19.0-11-g3fc08b3 (console) character file.

91 lynn the Shield-Bearer (level 4, 2/38 HPs)
             Began as a Formicid Fighter on Nov 8, 2016.
             Quit the game on level 3 of the Dungeon.
             The game lasted 00:01:02 (1045 turns).

lynn the Shield-Bearer (Formicid Fighter)           Turns: 1045, Time: 00:01:03

Health: 2/38       AC:  8    Str: 18 (20) XL:     4   Next: 88%
Magic:  4/4        EV:  8    Int:  6 (8)  God:
Gold:   76         SH:  9    Dex: 10 (11) Spells: 0 memorised, 3 levels left

rFire  . . .     SeeInvis +     a - +0 war axe
rCold  . . .     Gourm    .     b - +0 scale mail
rNeg   . . .     Faith    .     c - +0 shield
rPois  .         Spirit   .     (helmet unavailable)
rElec  .         Reflect  .     (no cloak)
rCorr  .         Harm     .     (no gloves)
MR     .....                    h - +0 pair of boots
Stlth  ..........               (no amulet)
                                (no ring)
                                l - ring of wizardry

@: lethally poisoned (2 -> 0), flying
A: permanent stasis, dig shafts and tunnels, four strong arms, antennae 3
a: Dig, Shaft Self


You were on level 3 of the Dungeon.
You were not hungry.

You visited 1 branch of the dungeon, and saw 3 of its levels.

You collected 76 gold pieces.

Inventory:

Hand Weapons
 a - a +0 war axe (weapon)
Armour
 b - a +0 scale mail (worn)
 c - a +0 shield (worn)
 h - a +0 pair of boots (worn)
 k - a +0 pair of boots
 o - a +0 pair of gloves
Jewellery
 l - a ring of wizardry (left hand)
Scrolls
 e - a scroll of enchant armour
 i - 2 scrolls of identify
Potions
 d - a potion of might
 g - a potion of agility
Comestibles
 f - 2 bread rations
 j - 6 chunks of flesh
 p - a beef jerky


   Skills:
 + Level 4.3 Fighting
 + Level 2.9 Axes
 - Level 3.2 Armour
 + Level 4.7 Shields


You had 3 spell levels left.
You didn't know any spells.

Dungeon Overview and Level Annotations

Branches:
Dungeon (3/15)

Altars:


Innate Abilities, Weirdness & Mutations

You are under a permanent stasis effect.
You can dig through walls and to a lower floor.
Your four strong arms can wield two-handed weapons with a shield.
You have a pair of large antennae on your head. (SInv)


Message History

A bat comes into view.
Found a thin malachite amulet, a brown potion, a scale mail and a falchion.
Found a stone staircase leading down.
There is a stone staircase leading up here.
* * * LOW HITPOINT WARNING * * *
You feel sick.
A ball python comes into view.
The ball python hisses angrily.
You block the bat's attack.
You see here a brown potion.
m - a brown potion You block the bat's attack.
It was a potion of flight.
You feel very buoyant.
You fly up into the air.
You block the bat's attack.
You barely miss the bat.
* * * LOW HITPOINT WARNING * * *
You feel sick. The bat hits you but does no damage. You block the bat's attack.
Enter note: imagine.....
Are you sure you want to abandon this character and quit the game? (Confirm with "yes".)

## .. ... #.
.##..##.#
.......)##
.........##
.....[....#
.........S#
.........@#####
........b...".#
.......<.......#
..........######
...........#
........##.#
......... ..> {
...#..### .#..
...##. .##..


You could see a bat and a ball python.

Vanquished Creatures
  Robin (D:2)
  A gnoll (D:1)
  An adder (D:2)
  2 oozes (D:1)
  3 leopard geckos
  2 giant cockroaches
  12 goblins
  6 hobgoblins
  3 jackals (D:1)
  A ball python (D:2)
  4 bats
  7 kobolds
  5 rats (D:1)
48 creatures vanquished.

Notes
Turn   | Place    | Note
-------+----------+-------------------------------------------
     0 | D:1      | lynn the Formicid Fighter began the quest for the Orb.
     0 | D:1      | Reached XP level 1. HP: 18/18 MP: 1/1
   282 | D:1      | Reached XP level 2. HP: 22/24 MP: 2/2
   308 | D:1      | Reached XP level 3. HP: 21/30 MP: 3/3
   944 | D:2      | Reached XP level 4. HP: 34/37 MP: 4/4
   984 | D:2      | Noticed Robin
  1008 | D:2      | Killed Robin
  1021 | D:2      | I mean
  1045 | D:3      | imagine.....
  1045 | D:3      | Quit the game

Skill      XL: |  1  2  3 |
---------------+----------+-----
Shields        | 4 |  4.7
Fighting       | 4 |  4.3
Axes           | |  2.9
Armour         | |  3.2

Action                   |  1- 3 |  4- 6 || total
-------------------------+-------+-------++-------
Melee: War axe           |   103 |    30 ||   133
  Use: Scroll            |       |     2 ||     2
       Potion            |       |     2 ||     2
  Eat: Chunk             |       |     1 ||     1
Armor: Scale mail        |    56 |    14 ||    70
Dodge: Dodged            |    44 |    11 ||    55
Block: Shield            |    67 |    19 ||    86

Vault maps used:
D:1:      minmay_arrival_shattered_statue, minmay_misc_feat_x,
          hangedman_abyss_or_decor_stabs
D:2:      uniq_robin, uniq_crazy_yiuf_cottage
D:3:      serial_bayou_pond_e
